 Dungeon Crawl Stone Soup version 0.28.0-53-g5a82cb258f (webtiles) character file.

Game seed: 14658075347939222860

13 Gabide the Ruffian (level 2, -1/25 HPs)
             Began as a Palentonga Monk on Aug 21, 2022.
             Slain by a gnoll
             ... wielding a +0 spear
              (5 damage)
             ... on level 1 of the Dungeon.
             The game lasted 00:00:47 (254 turns).

Gabide the Ruffian (Palentonga Monk)                 Turns: 254, Time: 00:00:48

Health: -1/25      AC:  4    Str: 14    XL:     2   Next: 24%
Magic:  2/2        EV: 10    Int: 10    God:
Gold:   25         SH:  0    Dex: 12    Spells: 1/1 levels left

rFire   . . .      SeeInvis +     - Unarmed
rCold   . . .      Faith    .   (no shield)
rNeg    . . .      Spirit   .   a - +0 robe
rPois   .          Reflect  .   (no helmet)
rElec   .          Harm     .   (no cloak)
rCorr   .          Rampage  .   (no gloves)
Will    .....                   (no barding)
Stlth   ++........              (no amulet)
HPRegen 0.08/turn               (no ring)
MPRegen 0.08/turn               (no ring)

@: no status effects
A: large, rugged brown scales 3, see invisible, deformed body, roll 1, armoured
tail
a: Rolling Charge


You were on level 1 of the Dungeon.
You visited 1 branch of the dungeon, and saw 1 of its levels.

You collected 25 gold pieces.

Inventory:

Missiles
 b - 17 stones
Armour
 a - a +0 robe (worn)
Scrolls
 c - 2 scrolls of torment {unknown}
Potions
 d - a potion of invisibility {unknown}


   Skills:
 * Level 3.3 Fighting
 + Level 2.5 Dodging
 - Level 1.2 Stealth
 * Level 3.3 Unarmed Combat


You had one spell level left.
You didn't know any spells.
Your spell library was empty.

Dungeon Overview and Level Annotations

Branches:
Dungeon (1/15)

Altars:


Innate Abilities, Weirdness & Mutations

You are completely covered in rugged brown scales. (AC +3, +7% HP)
You have supernaturally acute eyesight. (SInv)
Armour fits poorly on your strangely shaped body.
You can roll at nearby foes to attack.
You have a long armoured tail.


Message History

The kobold hits you with a +0 whip.
You hit the kobold but do no damage.
The kobold is moderately wounded.
The kobold hits you with a +0 whip.
You barely miss the kobold.
Your tail-slap misses the kobold.
The kobold is moderately wounded.
The kobold closely misses you.
You hit the kobold.
You kill the kobold!
A gnoll comes into view. It is wielding a +0 spear.
You hit the gnoll but do no damage. You punch the gnoll.
The gnoll is moderately wounded.
The gnoll hits you with a +0 spear.
You are too injured to fight recklessly!
You are too injured to fight recklessly!
You are too injured to fight recklessly!
You are too injured to fight recklessly!
You are too injured to fight recklessly!
You are too injured to fight recklessly!
You are too injured to fight recklessly!
You are too injured to fight recklessly!
You are too injured to fight recklessly!
You are too injured to fight recklessly!
You are too injured to fight recklessly!
You are too injured to fight recklessly!
You are too injured to fight recklessly!
You are too injured to fight recklessly!
You are too injured to fight recklessly!
You are too injured to fight recklessly!
The gnoll closely misses you.
Roll where?
Press: ? - help, Q - select action, (/) - cycle Dir - move target, f - gnoll
Aim: a gnoll, wielding a +0 spear (lightly wounded)
You roll forward with a clatter of scales!
You hit the gnoll.
The gnoll is severely wounded.
The gnoll hits you with a +0 spear.
* * * LOW HITPOINT WARNING * * *
The gnoll hits you from afar with a +0 spear.
You die...

≈≈# .......................# ≈≈#
................######.# ≈≈#
#.###....#+#.### .. ≈≈#
#.##.###....#.#.######.... ≈≈#
.......................... ≈≈#
..##.###...#.#.###.##....>
≈≈#########.###.......#..........
≈≈##..........#...#.#...###)###..
..##............@.gg..#.#


g(! 8.##..........#####.....# 8.## ..##..........# #......# ".. #######.#.....#
#......# #### #######.#†##### #........ ..........# #......... ..........#
#.......... .†........########.......... ..........†........ You could see a
gnoll and a goblin.

Vanquished Creatures
  2 bats (D:1)
  An endoplasm (D:1)
  2 giant cockroaches (D:1)
  2 quokkas (D:1)
  2 ball pythons (D:1)
  2 frilled lizards (D:1)
  A kobold (D:1)
  A rat (D:1)
13 creatures vanquished.

Notes
Turn   | Place    | Note
-------+----------+-------------------------------------------
     0 | D:1      | Gabide the Palentonga Monk began the quest for the Orb.
     0 | D:1      | Reached XP level 1. HP: 19/19 MP: 1/1
    76 | D:1      | Reached XP level 2. HP: 16/25 MP: 2/2
   254 | D:1      | Slain by a gnoll

Illustrated notes

Levels and vault maps discovered:
D:1:      zaba_arrival_water, layout_basic, serial_shops, nicolae_shop_stone,
          glass_columns_a, minmay_split_cup_large

Action                   || total
-------------------------++-------
Melee: Unarmed           ||    42
       Tailslap          ||     4
       Punch             ||     2
Throw: Stone             ||     1
 Abil: Rolling Charge    ||     7
Armor: Robe              ||     6
Dodge: Dodged            ||    18
